 Dungeon Crawl Stone Soup version 0.17.1-2-g5865329 (webtiles) character file.

855 Metrazal the Nimble (level 7, -1/33 HPs)
             Began as a Spriggan Assassin on Feb 6, 2016.
             Killed by divine providence
             ... invoked by an orc priest
              (12 damage)
             ... on level 5 of the Dungeon.
             The game lasted 00:52:41 (4789 turns).

Metrazal the Nimble (Spriggan Assassin)             Turns: 4789, Time: 00:52:41

Health: -1/33      AC:  4    Str: 15    XL:     7   Next: 70%
Magic:  8/8        EV: 29    Int: 15    God:
Gold:   210        SH:  0    Dex: 20    Spells: 0 memorised, 6 levels left

rFire  . . .     SeeInvis +     c - +2 dagger
rCold  . . .     Clarity  .     v - +1 robe "Aloazuot" {-Cast rPois Str+5 Int+3}
rNeg   . . .     SustAt   +     (shield restricted)
rPois  +         Gourm    .     (helmet restricted)
rElec  .         Spirit   .     d - +0 cloak
rCorr  .         Warding  .     (gloves unavailable)
rMut   .         Stasis   .     (boots unavailable)
MR     +....     NoCast   +     (no amulet)
Stlth  ++++......               z - +3 ring of strength
                                q - ring of sustain attributes

@: very quick, somewhat resistant to hostile enchantments, stealthy
A: unfitting armour, see invisible, herbivore 3, speed 3, slow metabolism 2
a: no special abilities


You were on level 5 of the Dungeon.
You were full.

You visited 1 branch of the dungeon, and saw 5 of its levels.

You collected 210 gold pieces.

Inventory:

Hand Weapons
 a - a +0 hunting sling
 b - a +0 blowgun
 c - a +2 dagger (weapon)
Missiles
 f - a curare-tipped needle
 i - 70 sling bullets
 j - 180 stones (quivered)
 k - 46 arrows
Armour
 d - a +0 cloak (worn)
 s - a +2 robe of magic resistance
 v - the +1 robe "Aloazuot" (worn) {-Cast rPois Str+5 Int+3}
   (You found it on level 4 of the Dungeon)

   It affects your strength (+5).
   It affects your intelligence (+3).
   It protects you from poison.
   It prevents spellcasting.
 A - a +0 robe
Jewellery
 q - a ring of sustain attributes (left hand)
 u - an uncursed ring of see invisible
 z - a +3 ring of strength (right hand)
Scrolls
 h - 2 scrolls of teleportation {unknown}
 l - 5 scrolls of identify {unknown}
 p - 2 scrolls of amnesia {unknown}
 r - 2 scrolls of fear {unknown}
 x - 2 scrolls of remove curse {unknown}
 y - 2 scrolls of enchant armour {unknown}
 B - a scroll of immolation {unknown}
Potions
 e - a potion of cure mutation {unknown}
 m - a potion of agility {unknown}
 n - a potion of curing {unknown}
 o - a potion of haste {unknown}
 t - a potion of ambrosia {unknown}
 w - a potion of flight {unknown}
Comestibles
 g - 2 bread rations


   Skills:
 - Level 1.5 Fighting
 - Level 2.1 Short Blades
 * Level 4.4(4.7) Slings
 - Level 2.0(3.1) Throwing
 - Level 11.0 Dodging
 - Level 5.8 Stealth


You had 6 spell levels left.
You didn't know any spells.

Dungeon Overview and Level Annotations

Branches:
Dungeon (5/15)
 Temple: D:4-7

Altars:
Okawaru
Trog
Yredelemnul


Innate Abilities, Weirdness & Mutations

You are tiny and cannot use many weapons and most armour.
You have supernaturally acute eyesight.
You are a herbivore.
You cover ground extremely quickly.
You need consume almost no food.


Message History

Something smites you!
You hit the orc priest.
The orc priest is heavily wounded.
The orc priest completely misses you.
You closely miss the orc priest.
The orc priest is heavily wounded.
The orc priest misses you.
You hit the orc priest but do no damage.
The orc priest is heavily wounded.
The orc priest misses you.
You hit the orc priest but do no damage.
The orc priest is heavily wounded.
You hit the orc priest but do no damage.
The orc priest is heavily wounded.
The orc priest closely misses you.
You hit the orc priest.
The orc priest is severely wounded.
The orc priest invokes the aid of Beogh against you.
Something smites you!
You die...

##..####.....#####
. ##.....(.(#####
##..#...(....###
#.##..........##
#.###...(......##
# ..#
#.......(...## #
#.##
#.....(...(..# #
.. ##.....o.....##
#.#.#
#......@.....#
#.#.#
#............#
#[..#
##..........##
#..# #.......>.##
...# ##......###
...# ##....## ..##
###### ..######
.......########


You could see an orc priest.

Vanquished Creatures
  Sigmund (D:4)
  A phantom (D:4)
  2 ogres (D:4)
  A scorpion (D:5)
  A jelly (D:5)
  An orc wizard (D:4)
  A worker ant (D:4)
  A giant frog skeleton (D:4)
  3 hounds
  Jessica (D:3)
  A mummy (D:4)
  5 adders
  A worm (D:2)
  A giant gecko (D:5)
  7 orcs
  A ball python (D:4)
  7 bats
  12 goblins
  7 hobgoblins
  20 jackals
  6 kobolds
  3 quokkas
  5 giant cockroaches
  2 giant newts
  6 rats
97 creatures vanquished.

Notes
Turn   | Place    | Note
--------------------------------------------------------------
     0 | D:1      | Metrazal the Spriggan Assassin began the quest for the Orb.
     0 | D:1      | Reached XP level 1. HP: 10/10 MP: 2/2
   434 | D:1      | Reached XP level 2. HP: 14/14 MP: 3/3
   808 | D:2      | Reached XP level 3. HP: 16/18 MP: 4/4
   842 | D:2      | Found a bloodstained altar of Trog.
   842 | D:2      | Found an iron altar of Okawaru.
   938 | D:2      | Found a faded altar to an unknown god.
  1088 | D:2      | Reached skill level 5 in Dodging
  1542 | D:3      | Noticed Jessica
  1558 | D:3      | Killed Jessica
  1558 | D:3      | Reached skill level 6 in Dodging
  1558 | D:3      | Reached XP level 4. HP: 11/22 MP: 5/5
  2344 | D:4      | Reached skill level 7 in Dodging
  2344 | D:4      | Reached XP level 5. HP: 25/25 MP: 6/6
  2358 | D:4      | Got a twisted robe
  2371 | D:4      | Identified the +1 robe "Aloazuot" {-Cast rPois Str+5 Int+3} (You found it on level 4 of the Dungeon)
  2429 | D:4      | Noticed Sigmund
  2437 | D:4      | Killed Sigmund
  2437 | D:4      | Reached skill level 9 in Dodging
  2437 | D:4      | Reached XP level 6. HP: 18/30 MP: 7/7
  2746 | D:4      | Noticed a phantom
  2810 | D:4      | Killed a phantom
  2818 | D:4      | Reached skill level 10 in Dodging
  3094 | D:4      | Reached XP level 7. HP: 33/33 MP: 8/8
  3624 | D:4      | Reached skill level 11 in Dodging
  3916 | D:5      | Entered Level 5 of the Dungeon
  3947 | D:5      | Found a basalt altar of Yredelemnul.
  3997 | D:5      | Reached skill level 1 in Slings
  4789 | D:5      | Killed from afar by an orc priest

Action                   |  1- 3 |  4- 6 |  7- 9 || total
-------------------------+-------+-------+-------++-------
Melee: Dagger            |    50 |    78 |    79 ||   207
 Fire: Blowgun           |    49 |    35 |     9 ||    93
       Hunting sling     |       |       |    95 ||    95
Throw: Stone             |       |    30 |    25 ||    55
 Stab: Sleeping          |    26 |    17 |     3 ||    46
       Distracted        |       |     1 |     1 ||     2
  Eat: Bread ration      |       |       |     1 ||     1
